[Event "44th Chess Olympiad Open 2022"]
[Site "Chennai"]
[Date "2022.07.31"]
[Round "3.72"]
[White "Frick, Renato"]
[Black "Mimbasa Kutesa, Willy"]
[Result "0-1"]
[WhiteElo "1900"]
[BlackElo "1755"]
[Annotator "NA"]
[PlyCount "104"]
[EventDate "2022.??.??"]
[TimeControl "60"]

1. e4 e5 2. Nf3 Nc6 3. Bb5 Qf6 4. c3 Bc5 5. O-O Nge7 6. d3 h6 7. Be3 d6 8. d4 exd4 9. cxd4 Bb4 10. d5 a6 11. Bd4 Qg6 12. Ba4 b5 13.
Bc2 Nxd4 14. Qxd4 Bc5 15. Qd3 O-O 16. Nbd2 f5 17. e5 Bb7 18. Bb3 Kh8 19. Rac1 Rad8 20. Rfe1 Qg4 21. Nf1 Ng6 22. h3 Nf4 23. hxg4 Nxd3 24. Rc2 Nxe1 25. Nxe1 fxg4 26. e6 Rde8 27. Ng3 a5 28. a4 c6 29. dxc6 Bxc6 30. axb5 Bxb5 31. Ne4 Rf5 32. Rd2 Bb4 33. Rxd6 Re5 34. Rd4 Bxe1 35. Nd6 Re2 36. Nxb5 Bxf2+ 37. Kf1 Bxd4 38. Kxe2 Bxb2 39. Nd6 Re7 40. Nf5 Re8 41. Nd6 a4 42. Ba2 Re7 43. Nf5 Bf6 44. Nxe7 Bxe7 45. Ke3 g5 46. Ke4 Kg7 47. Kf5 g3 48. Bb1 h5 49. Bc2 h4 50. Kg4 a3 51. Bb1 Kf6 52. Ba2 Ke5 0-1

[Event "44th Chess Olympiad Open 2022"]
[Site "Chennai"]
[Date "2022.07.31"]
[Round "3.72"]
[White "Esungi, Guy Botetsi"]
[Black "Mannhart, Marcel"]
[Result "0-1"]
[WhiteElo "1481"]
[BlackElo "2110"]
[Annotator "NA"]
[PlyCount "80"]
[EventDate "2022.??.??"]
[TimeControl "60"]

1. e4 c5 2. Nc3 Nc6 3. Nf3 g6 4. d3 Bg7 5. Bd2 d6 6. Be2 e5 7. O-O Nge7 8. Qc1 h6 9. a3 b6 10. Qb1 f5 11. b4 f4 12. b5 Nb8 13. a4 Be6 14. Ra3 Nd7 15. Qa1 g5 16. a5 Rb8 17. axb6 axb6 18. Ra7 O-O 19. Nb1 Bf6 20. c4 g4 21. Ne1 h5 22. f3 Bg7 23. Nc2 Nc8 24. Ra2 Qh4 25.
Be1 g3 26. Bxg3 fxg3 27. hxg3 Qxg3 28. Nc3 Bh6 29. Qe1 Qg6 30. Qh4 Bf4 31. Nd5 Bg3 32. Qh1 Bxd5 33. cxd5 Rf4 34. Qh3 Nf8 35. Ne3 Rh4 36. Qf5 Bh2+ 37. Kh1 Bf4+ 38. Qh3 Rxh3+ 39. gxh3 Bxe3 40. Raa1 Kh7 0-1

[Event "44th Chess Olympiad Open 2022"]
[Site "Chennai"]
[Date "2022.07.31"]
[Round "3.73"]
[White "Isam, Gaith"]
[Black "Sharikhan, Shawal"]
[Result "1-0"]
[WhiteElo "1828"]
[BlackElo "1789"]
[Annotator "NA"]
[PlyCount "131"]
[EventDate "2022.??.??"]
[TimeControl "60"]

1. e4 c5 2. Nc3 Nc6 3. f4 e6 4. Nf3 d5 5. Bb5 Nge7 6. exd5 exd5 7. Qe2 Qd6 8. Bxc6+ bxc6 9. d3 g6 10. Qe5 Qxe5+ 11. Nxe5 f6 12. Nf3 Kf7 13. h3 h5 14. b3 Nf5 15. Na4 Bd6 16. Bd2 Ng3 17. Rg1 Bd7 18.
Kf2 Nf5 19. Rad1 Rae8 20. Rge1 Ne7 21. c4 d4 22. Bc1 Bf5 23.
Nh4 Bd7 24. Nf3 Nc8 25. Ba3 Bxf4 26. Bxc5 Bf5 27. Nxd4 Rxe1 28. Kxe1 Bg3+ 29. Kd2 Bd7 30. Ne2 Bc7 31. Rf1 Rd8 32. Bd4 f5 33. Be3 Re8 34. a3 Nb6 35. Nc5 Bc8 36. Nd4 Bd6 37. b4 a5 38. Nxc6 axb4 39. axb4 Nd7 40. Ne4 Bc7 41. Ng5+ Kg8 42. Bf4 Bxf4+ 43. Rxf4 Bb7 44. b5 Bxc6 45. bxc6 Ne5 46. Rd4 Nxc6 47. Rd6 Ne7 48. Re6 Kf8 49. h4 Ra8 50. g3 Ra2+ 51. Kc3 Rg2 52. Re3 Ng8 53. d4 Nf6 54. d5 Ng4 55. Rd3 Ne5 56. Ne6+ Ke7 57. Nf4 Rg1 58. Ne2 Rg2 59. Re3 Kf6 60. Kd4 Nf7 61. Re6+ Kg7 62. c5 g5 63. hxg5 Nxg5 64. Re3 Kf6 65. c6 Ne4 66. c7 1-0

[Event "44th Chess Olympiad Open 2022"]
[Site "Chennai"]
[Date "2022.07.31"]
[Round "3.73"]
[White "Yussof, Pg Abd Rahman"]
[Black "seder mohamad"]
[Result "0-1"]
[WhiteElo "1804"]
[BlackElo "1950"]
[Annotator "NA"]
[PlyCount "72"]
[EventDate "2022.??.??"]
[TimeControl "60"]

1. e4 e6 2. d4 d5 3. exd5 exd5 4. Bd3 Bd6 5. Nf3 Ne7 6. O-O Bg4 7. Bg5 f6 8. Bh4 Nbc6 9. c3 Qd7 10. Nbd2 O-O-O 11. b4 Nf5 12. Bg3 Nxg3 13. fxg3 Ne7 14. Qc2 g5 15. Nb3 h5 16. Nc5 Bxc5 17. bxc5 h4 18.
gxh4 gxh4 19. Kh1 Nf5 20. Bxf5 Bxf5 21. Qf2 Rh5 22. Rfe1 Rg8 23. Re3 Be4 24. Kg1 f5 25. Rae1 f4 26. Rxe4 dxe4 27. Rxe4 h3 28. g3 fxg3 29. hxg3 Qh7 30. Qe1 Qf7 31. Kh2 Rf5 32. Re7 Qf8 33. Qe6+ Kb8 34. Ne5 Rf2+ 35. Kxh3 Rxg3+ 36. Kh4 Qf4+ 0-1

[Event "44th Chess Olympiad Open 2022"]
[Site "Chennai"]
[Date "2022.07.31"]
[Round "3.73"]
[White "Shawabke Ziyad"]
[Black "Ahmad, Md Siraj Munir"]
[Result "1/2-1/2"]
[WhiteElo "1786"]
[BlackElo "2035"]
[Annotator "NA RC"]
[PlyCount "37"]
[EventDate "2022.??.??"]
[TimeControl "60"]

1. c4 Nf6 2. Nf3 e6 3. Nc3 b6 4. g3 Bb7 5. Bg2 Bb4 6. Qc2 O-O 7. O-O d5 8. a3 Be7 9. cxd5 exd5 10. d4 a5 11. Ne5 Nbd7 12. Rd1 Rc8 13.
Qb3 c6 14. Bh3 b5 15. Bg5 Rc7 16. Bf4 Rc8 17. Bg5 Rc7 18. Bf4 Rc8 19. Bg5 1/2-1/2

[Event "44th Chess Olympiad Open 2022"]
[Site "Chennai"]
[Date "2022.07.31"]
[Round "3.74"]
[White "Mafnas, Peter"]
[Black "Nxumalo, Vuyo"]
[Result "0-1"]
[WhiteElo "2039"]
[BlackElo "1493"]
[Annotator "NA RC"]
[PlyCount "60"]
[EventDate "2022.??.??"]
[TimeControl "60"]

1. d4 Nf6 2. c4 g6 3. Nf3 Bg7 4. g3 d6 5. Bg2 O-O 6. Nc3 Nbd7 7. O-O Re8 8.
b3 c6 9. Bb2 e5 10. e3 e4 11. Nd2 d5 12. Rc1 Nf8 13. cxd5 cxd5 14. Nb5 Ne6 15. Qc2 Re7 16. Ba3 Rd7 17. Nc3 Rc7 18. Qb2 a6 19. Na4 b5 20. Rxc7 Qxc7 21. Rc1 Qd8 22. Nc5 Rb8 23. Nxe6 Bxe6 24. Bc5 Nd7 25. Bd6 Rc8 26. b4 Nb6 27. Rxc8 Qxc8 28. Bc5 Nc4 29. Qc3 Bh3 30. Nxc4 bxc4 0-1

[Event "44th Chess Olympiad Open 2022"]
[Site "Chennai"]
[Date "2022.07.31"]
[Round "3.74"]
[White "Soriano, Rudolph P."]
[Black "Hlophe, Smilo"]
[Result "1-0"]
[WhiteElo "1824"]
[BlackElo "1731"]
[Annotator "NA RC"]
[PlyCount "91"]
[EventDate "2022.??.??"]
[TimeControl "60"]

1. Nf3 c5 2. c4 Nc6 3. d4 cxd4 4. Nxd4 g6 5. Nc3 Bg7 6. e3 Nf6 7. Be2 e5 8. Nb3 d6 9. e4 O-O 10. O-O Be6 11. Be3 Rc8 12. f3 a6 13.
Qd2 Ne7 14. Nd5 Bxd5 15. cxd5 Nh5 16. g3 f5 17. Bg5 f4 18. g4 Nf6 19. Bh4 h6 20. Rac1 Qd7 21. Qb4 Rxc1 22. Rxc1 Rc8 23. Rxc8+ Nxc8 24. Be1 h5 25. g5 Nh7 26. h4 Bf8 27. Kh2 Be7 28. Bf1 Qc7 29. Bc3 Na7 30.
a4 Nc8 31. Na5 Nb6 32. Nxb7 Bxg5 33. hxg5 Nxg5 34. Bg2 Qxb7 35.
a5 Qe7 36. axb6 Nxf3+ 37. Bxf3 Qh4+ 38. Kg1 Qg3+ 39. Kf1 Qxf3+ 40. Ke1 Qe3+ 41. Kd1 f3 42. b7 Qe2+ 43. Kc1 f2 44. b8=Q+ Kg7 45. Bxe5+ Kh6 46. Bf4+ 1-0

[Event "44th Chess Olympiad Open 2022"]
[Site "Chennai"]
[Date "2022.07.31"]
[Round "3.74"]
[White "Mbongeni, Mabuza"]
[Black "Prudente, Elmer"]
[Result "0-1"]
[WhiteElo "1669"]
[BlackElo "1995"]
[Annotator "NA RC"]
[PlyCount "126"]
[EventDate "2022.??.??"]
[TimeControl "60"]

1. d4 g6 2. Nf3 Nf6 3. g3 Bg7 4. Bg2 O-O 5. O-O d5 6. b3 Ne4 7. Bb2 c5 8. e3 Nc6 9. Nbd2 Bg4 10. h3 Bf5 11. c3 cxd4 12. cxd4 Nxd2 13. Qxd2 Qd7 14. Kh2 Rfc8 15. Rac1 Be4 16. Rfd1 Qd6 17. a3 Rc7 18. Ne5 Bxg2 19. Kxg2 Rac8 20. Nd3 b6 21. b4 e6 22. Nf4 a5 23. Nd3 Bf8 24. Rc3 axb4 25. axb4 Na7 26. Rdc1 Nb5 27. Rxc7 Rxc7 28. Rc2 Rc4 29. Rc1 Qc7 30. Qd1 Rxc1 31. Qxc1 Qc4 32. Qd2 f6 33. f3 Bd6 34. Kf2 Qc7 35. f4 Qc4 36. Kf3 h5 37. h4 Kf7 38.
Kf2 Be7 39. Kg2 Nd6 40. Nf2 Nc8 41. Bc3 Na7 42. Qb2 Nc6 43.
g4 hxg4 44. Nxg4 Bxb4 45. Bxb4 Nxb4 46. Qa3 Qa2+ 47. Qxa2 Nxa2 48. Kf2 Nc3 49. Ke1 Ne4 50. Nh2 Kg7 51. Ke2 Ng3+ 52. Kd3 Kh6 53. Ng4+ Kg7 54. Kc3 Nf5 55. Kb4 Nxh4 56. Kb5 Ng2 57. Kxb6 f5 58. Nf2 Nxe3 59. Kc6 Nc2 60. Kd6 Kf6 61. Nh3 Nxd4 62. Ng5 Ne2 63. Nxe6 d4 0-1

[Event "44th Chess Olympiad Open 2022"]
[Site "Chennai"]
[Date "2022.07.31"]
[Round "3.74"]
[White "Sihlongonyane, Sikhanyiso"]
[Black "Estur, Gavino Aguilar"]
[Result "1-0"]
[WhiteElo "1658"]
[BlackElo "1598"]
[Annotator "NA RC"]
[PlyCount "99"]
[EventDate "2022.??.??"]
[TimeControl "60"]

1. e4 e5 2. Nf3 Nc6 3. Bb5 d6 4. c3 Bd7 5. Ba4 Nf6 6. Bc2 Bg4 7. h3 Bh5 8. O-O Be7 9. d3 O-O 10. Re1 Qd7 11. Nbd2 a6 12. Nf1 h6 13. Ng3 Bg6 14. Nh4 Bh7 15. Nhf5 Bg6 16. Be3 Kh7 17. Qc1 Ng8 18. h4 Bxf5 19. Nxf5 Bf6 20. h5 Nce7 21. d4 Nxf5 22. exf5 Kh8 23. g4 Qe7 24. Kg2 Qd7 25. Qd2 Rad8 26. d5 Rfe8 27. Rg1 Qe7 28. Kh3 Bg5 29. Bxg5 Qxg5 30. Qxg5 hxg5 31. Be4 f6 32. b4 Ne7 33. c4 b6 34. Rab1 Rb8 35. Rb3 Red8 36. a4 Kg8 37. Rd1 Kf7 38.
f3 Ke8 39. Kg3 Ng8 40. Ra1 Kd7 41. a5 b5 42. cxb5 axb5 43. a6 Ra8 44. Bd3 Rdb8 45. Ra5 c6 46. dxc6+ Kxc6 47. Rc3+ Kd7 48. Bxb5+ Kd8 49. a7 Rc8 50. Rxc8+ 1-0

[Event "44th Chess Olympiad Open 2022"]
[Site "Chennai"]
[Date "2022.07.31"]
[Round "3.75"]
[White "McCoy, Tom"]
[Black "Napoleao, Lourenco"]
[Result "1-0"]
[WhiteElo "1812"]
[BlackElo "1778"]
[Annotator "NA"]
[PlyCount "99"]
[EventDate "2022.??.??"]
[TimeControl "60"]

1. e4 c5 2. Nf3 d6 3. Nc3 Bg4 4. Be2 Nc6 5. O-O e6 6. d3 Be7 7. h3 Bh5 8. b3 Bf6 9. Bb2 b5 10. Qc1 Nd4 11. Nxd4 cxd4 12. Bxh5 dxc3 13. Ba3 a5 14. Qe3 Ne7 15. Rad1 b4 16. Bc1 a4 17. d4 axb3 18. axb3 O-O 19. f4 g6 20. Be2 d5 21. e5 Nf5 22. Qf3 Bg7 23.
g4 Ne7 24. Bd3 f6 25. Qg3 Qb6 26. Be3 Nc6 27. f5 fxe5 28. dxe5 d4 29. Bf4 gxf5 30. gxf5 exf5 31. Rde1 Ne7 32. Rf2 Kh8 33. Rg2 Ng6 34. h4 Rg8 35. e6 Bf6 36. Bg5 Bxg5 37. Qxg5 Raf8 38. e7 Re8 39. Qxf5 Qd6 40. h5 Rxe7 41. Rxe7 Qxe7 42. hxg6 Qe1+ 43. Kh2 Qh4+ 44. Qh3 Qf4+ 45. Qg3 Qh6+ 46. Kg1 Qc1+ 47. Kh2 Qh6+ 48. Qh3 Qf4+ 49. Kh1 Qc7 50. Qxh7+ 1-0

[Event "44th Chess Olympiad Open 2022"]
[Site "Chennai"]
[Date "2022.07.31"]
[Round "3.75"]
[White "Jamal, Hamid Harmon Gulamo"]
[Black "Jones, Rupert"]
[Result "1-0"]
[WhiteElo "1617"]
[BlackElo "1766"]
[Annotator "NA RC"]
[PlyCount "159"]
[EventDate "2022.??.??"]
[TimeControl "60"]

1. e4 c5 2. Nf3 e6 3. d3 Nc6 4. g3 g6 5. Bg2 Bg7 6. O-O Nge7 7. c3 O-O 8.
Re1 d6 9. Be3 b5 10. Qd2 Rb8 11. Bh6 b4 12. d4 cxd4 13. cxd4 d5 14. Bxg7 Kxg7 15. e5 Nf5 16. Bh3 h6 17. Bxf5 exf5 18. Qd3 Qb6 19. Nbd2 Na5 20. Rac1 Be6 21. b3 Rfc8 22. Nf1 Rc6 23. Rxc6 Qxc6 24. Qd2 Qb6 25. Ne3 Rc8 26. h4 Rc3 27. Qe2 Nb7 28. Nd1 Rc7 29. h5 g5 30. Qd3 Qc6 31. Ne3 Qd7 32. Qa6 Nd8 33. Rd1 Rc3 34. Ne1 f4 35.
gxf4 gxf4 36. N3g2 Bg4 37. Qf6+ Kh7 38. Ra1 Bxh5 39. Nxf4 Qg4+ 40. Neg2 Ne6 41. Nxe6 Qxe6 42. Qxe6 fxe6 43. a3 bxa3 44. Rxa3 Rc7 45. Nf4 Bg4 46. Ra6 Re7 47. Kg2 Kg7 48. f3 Bf5 49. Kf2 Kf7 50. Nxd5 exd5 51. Rf6+ Ke8 52. Rxf5 Rb7 53. e6 Rxb3 54. Rxd5 Ke7 55. Rd7+ Kxe6 56. Rxa7 Kd5 57. Rd7+ Ke6 58.
Rh7 Kd5 59. Rxh6 Kxd4 60. Re6 Kd5 61. Re8 Rb6 62. Ke3 Rf6 63.
Ra8 Rf5 64. Ra6 Rf8 65. f4 Rf7 66. Kf3 Rf8 67. Kg4 Rg8+ 68.
Kf5 Rg1 69. Kf6 Rh1 70. Ra8 Rh6+ 71. Kg5 Rb6 72. Re8 Rb1 73. f5 Rg1+ 74. Kf6 Rg2 75. Kf7 Kd6 76. f6 Rg3 77. Kf8 Rg1 78.
f7 Kd7 79. Re4 Rg2 80. Rd4+ 1-0

[Event "44th Chess Olympiad Open 2022"]
[Site "Chennai"]
[Date "2022.07.31"]
[Round "3.76"]
[White "Koumba, Mounguen Jose Evrar"]
[Black "Al-Hajiri, Bader"]
[Result "1-0"]
[WhiteElo "1942"]
[BlackElo "2011"]
[Annotator "NA RC"]
[PlyCount "87"]
[EventDate "2022.??.??"]
[TimeControl "60"]

1. e4 e5 2. Nf3 Nc6 3. Bb5 a6 4. Ba4 Nf6 5. Qe2 Bc5 6. c3 b5 7. Bb3 d6 8. d3 Bg4 9. h3 Bh5 10. Bg5 Qe7 11. g4 Bg6 12. Bd5 Nxd5 13.
Bxe7 Nf4 14. Qc2 Kxe7 15. Nbd2 Rhd8 16. Nb3 Bb6 17. O-O-O a5 18. Kb1 d5 19. Nh4 dxe4 20. Nxg6+ hxg6 21. dxe4 Rxd1+ 22. Rxd1 a4 23. Nc1 b4 24. Nd3 Nxh3 25. Nxb4 Nxb4 26. cxb4 Nxf2 27. Rd2 Rh8 28. Qxa4 Rh1+ 29. Kc2 Bd4 30. Qc6 Nxg4 31. Qxc7+ Kf6 32. b5 Rh3 33. Rd3 Rh2+ 34. Kb3 Kg5 35. a4 Rxb2+ 36. Ka3 Rb1 37. Rb3 Ra1+ 38. Kb4 Re1 39. b6 Rxe4 40. Kb5 Rf4 41. b7 Rf5 42. b8=Q e4+ 43.
Kc4 Bf6 44. Rg3 1-0

[Event "44th Chess Olympiad Open 2022"]
[Site "Chennai"]
[Date "2022.07.31"]
[Round "3.76"]
[White "Hussain, Hashem"]
[Black "Bongo Akanga Ndjila, Barthelemy"]
[Result "0-1"]
[WhiteElo "1757"]
[BlackElo "1803"]
[Annotator "NA RC"]
[PlyCount "138"]
[EventDate "2022.??.??"]
[TimeControl "60"]

1. e4 d6 2. d4 Nf6 3. Nc3 c5 4. dxc5 Qa5 5. Bd2 Qxc5 6. Bd3 a6 7. Nge2 g6 8. O-O Bg7 9. Be3 Qa5 10. Nf4 Ng4 11. Bd2 O-O 12. Nfd5 Qd8 13.
Na4 Nc6 14. Nab6 Rb8 15. Nxc8 Qxc8 16. c3 Nge5 17. Bc2 Nc4 18. Bc1 b5 19. a4 Nb6 20. axb5 axb5 21. Nxb6 Rxb6 22. Be3 Rb8 23. Qd5 b4 24. Ba4 Ne5 25. Bd4 bxc3 26. Bxc3 Qc4 27. Rfd1 Rfc8 28. f4 Ng4 29. Bxg7 Kxg7 30. b3 Qe2 31. Qd4+ e5 32. fxe5 dxe5 33. Qd2 Qxe4 34. Re1 Qb7 35. h3 Qb6+ 36. Kh1 Nf2+ 37. Kh2 e4 38. Ra2 Nd3 39. Rxe4 Nb4 40. Ra1 Rd8 41. Qf4 Nd3 42. Qe3 Nc5 43. Rh4 Qd6+ 44. Kh1 h5 45. Rf1 Qd3 46. Qe5+ Kg8 47. Qf6 Qd5 48. Rhf4 Ne4 49. Rxe4 Qxe4 50. Qxf7+ Kh8 51. Qf6+ Kh7 52. Bc6 Qb4 53. Qf7+ Kh6 54. Qc4 Qxb3 55. Qf4+ Kh7 56. Qc7+ Kg8 57. Bf3 Qb6 58. Qg3 Kh7 59. Re1 Re8 60. Kh2 Rxe1 61. Qxe1 Qd6+ 62. Qg3 Qd8 63. Be4 Rb6 64. Qd3 Qc7+ 65. Qg3 Qe7 66. Bf3 h4 67. Qf4 Rb4 68. Qc1 Qe5+ 69. Kg1 Ra4 0-1

[Event "44th Chess Olympiad Open 2022"]
[Site "Chennai"]
[Date "2022.07.31"]
[Round "3.76"]
[White "Bongo Ngombele, Tary"]
[Black "Alhejab, Meshal"]
[Result "0-1"]
[WhiteElo "1688"]
[BlackElo "1732"]
[Annotator "NA"]
[PlyCount "76"]
[EventDate "2022.??.??"]
[TimeControl "60"]

1. e4 c5 2. Nf3 Nc6 3. d4 cxd4 4. Nxd4 Nf6 5. Nc3 e5 6. Nf3 Bb4 7. Bd2 Bxc3 8. Bxc3 Nxe4 9. Nxe5 Nxc3 10. Nxc6 bxc6 11. bxc3 Qf6 12. Qd4 Qe6+ 13. Be2 Ba6 14. c4 O-O 15. Kd2 d5 16. Qe3 Qd6 17. c5 Qc7 18. Bxa6 Qa5+ 19. Qc3 Qxa6 20. Rhe1 d4 21. Qd3 Qa5+ 22. c3 Rab8 23. Kc2 Qa4+ 24. Kc1 Qa3+ 25. Kd1 Qb2 26. Rc1 dxc3 27. Re7 Qxf2 28. Rxc3 Rfd8 29. Rd7 Rxd7 30. Qxd7 Rb1+ 31. Rc1 Qf1+ 32. Kd2 Qxc1+ 33. Ke2 Qf1+ 34. Ke3 Re1+ 35. Kd2 Qe2+ 36. Kc3 Rc1+ 37. Kb3 Qb5+ 38. Ka3 Rc3# 0-1

[Event "44th Chess Olympiad Open 2022"]
[Site "Chennai"]
[Date "2022.07.31"]
[Round "3.77"]
[White "Chinasamy, Devarajen"]
[Black "Nevska, Gerda"]
[Result "1-0"]
[WhiteElo "1970"]
[BlackElo "1840"]
[Annotator "NA"]
[PlyCount "61"]
[EventDate "2022.??.??"]
[TimeControl "60"]

1. d4 g6 2. Nc3 Bg7 3. e4 c6 4. Be3 d5 5. f3 Nd7 6. exd5 Nb6 7. dxc6 bxc6 8. Nge2 Ba6 9. b3 Nf6 10. Qd2 h5 11. Ne4 Nbd5 12. Nxf6+ Bxf6 13. Bf2 Bg7 14. c4 Bh6 15. f4 Nf6 16. Qc2 Bc8 17. Be3 Bf5 18.
Qb2 h4 19. Ng1 Qc7 20. Qc1 Rd8 21. Nf3 Bg7 22. Be2 Ne4 23. O-O h3 24. g3 Bg4 25. Qc2 f5 26. Rad1 Bf6 27. Rd3 g5 28. Rfd1 Rg8 29. Ne5 Bxe2 30.
Qxe2 c5 31. Qh5+ 1-0

[Event "44th Chess Olympiad Open 2022"]
[Site "Chennai"]
[Date "2022.07.31"]
[Round "3.77"]
[White "Brookfield, Toby"]
[Black "Naipal, Hoolan"]
[Result "1-0"]
[WhiteElo "1815"]
[BlackElo "1785"]
[Annotator "NA RC"]
[PlyCount "31"]
[EventDate "2022.??.??"]
[TimeControl "60"]

1. e4 e5 2. d4 exd4 3. Qxd4 Nc6 4. Qe3 Nf6 5. Nc3 Bb4 6.
Bd2 O-O 7. O-O-O Re8 8. Qg3 Qe7 9. f3 d6 10. h4 Be6 11. Nge2 Rad8 12. h5 Kh8 13. h6 g6 14. Bg5 Ne5 15. Qh4 Ned7 16. e5 1-0

[Event "44th Chess Olympiad Open 2022"]
[Site "Chennai"]
[Date "2022.07.31"]
[Round "3.78"]
[White "Croes, Octavio"]
[Black "Nadan, Avinesh"]
[Result "0-1"]
[WhiteElo "1794"]
[BlackElo "1540"]
[Annotator "NA RC"]
[PlyCount "84"]
[EventDate "2022.??.??"]
[TimeControl "60"]

1. d4 d5 2. c4 Nf6 3. Nf3 Bf5 4. g3 Nbd7 5. Bg2 c6 6. b3 e6 7. O-O Be7 8. Nc3 h6 9. Bb2 O-O 10. Ne5 Nxe5 11. dxe5 Nd7 12. e4 dxe4 13. Nxe4 Qc7 14. f4 Rad8 15. Qe2 Nc5 16. Rad1 Nxe4 17. Bxe4 Qb6+ 18. Kg2 Bxe4+ 19. Qxe4 Qa6 20. Qc2 b5 21. Bd4 Qb7 22. Qe4 Rd7 23. Rf2 Rfd8 24. Rfd2 Bb4 25. Rd3 Qa6 26. Bf2 Rxd3 27. Rxd3 Rxd3 28. Qxd3 Qxa2 29. Kf3 a5 30. Qd8+ Kh7 31. Qd3+ g6 32. cxb5 cxb5 33. Qd7 Qxb3+ 34. Kg4 Kg7 35. Qd8 Qd5 36. Qe8 Qd1+ 37. Kh3 Qf1+ 38. Kg4 Qxf2 39. Qd8 Qxh2 40. Qf6+ Kg8 41. Qd8+ Bf8 42. Qxa5 Qe2+ 0-1

[Event "44th Chess Olympiad Open 2022"]
[Site "Chennai"]
[Date "2022.07.31"]
[Round "3.78"]
[White "Terubea, Ronald"]
[Black "Pesqueira, Jose"]
[Result "1-0"]
[WhiteElo "1742"]
[BlackElo "1809"]
[Annotator "NA RC"]
[PlyCount "125"]
[EventDate "2022.??.??"]
[TimeControl "60"]

1. e4 b6 2. d4 Bb7 3. d5 Na6 4. Bxa6 Bxa6 5. b3 e6 6. Ne2 Qf6 7. c3 Qg6 8. O-O Qxe4 9. Re1 Nf6 10. dxe6 dxe6 11. Nf4 Qc6 12. Qc2 Be7 13. Ba3 Bxa3 14. Nxa3 O-O-O 15. c4 Qd6 16. Qc1 g5 17. Ne2 Ng4 18. Ng3 h6 19. Nb5 Bxb5 20. cxb5 Qd2 21. Re2 Qxc1+ 22. Rxc1 Nf6 23. Rec2 Rd7 24. f3 Rhd8 25. Nf1 Nd5 26. g3 Nb4 27. Rc4 Nd3 28. R1c2 Nc5 29. Kf2 f5 30. Re2 Rd6 31. Rec2 R8d7 32. Re2 e5 33. Kg2 e4 34. fxe4 Nxe4 35. Ne3 Rd2 36. Rc2 Rxe2+ 37. Rxe2 Rf7 38. Nxf5 Rxf5 39. Rxe4 Rxb5 40. Re8+ Kb7 41.
Rh8 Rd5 42. Rxh6 Rd2+ 43. Kf3 Rxa2 44. Kg4 Ra5 45. Rh5 Rb5 46. Rxg5 Rxb3 47. h4 Rb4+ 48. Kf5 Rb1 49. h5 Rh1 50. Kg6 a5 51. h6 a4 52. Rh5 Rg1 53. h7 a3 54. h8=Q a2 55. Rh1 a1=Q 56.
Qxa1 Rxa1 57. Rxa1 c5 58. Kf5 b5 59. Ke4 Kb6 60. g4 b4 61. g5 b3 62. Kd3 Kb5 63. Ke4 1-0

[Event "44th Chess Olympiad Open 2022"]
[Site "Chennai"]
[Date "2022.07.31"]
[Round "3.78"]
[White "Jaiswal Prashant S"]
[Black "Van den Brink, Peter"]
[Result "1/2-1/2"]
[WhiteElo "1683"]
[BlackElo "2167"]
[Annotator "ChessBase"]
[PlyCount "82"]
[EventDate "2022.??.??"]
[TimeControl "60"]

1. d4 d5 2. c4 e6 3. Nf3 Be7 4. Nc3 Nf6 5. Bg5 h6 6. Bh4 O-O 7. e3 b6 8. Bd3 Bb7 9. O-O Ne4 10. Bxe7 Qxe7 11. cxd5 Nxc3 12. bxc3 exd5 13. Bc2 Nd7 14. Qd3 g6 15. h4 h5 16. g3 a5 17. Rfe1 Kg7 18. a4 Qd6 19. Reb1 Rfe8 20. Kg2 Re7 21. Re1 Rae8 22. Rab1 Re6 23. Rbd1 Qc6 24. Bb3 R6e7 25. Rc1 Qd6 26. Bc2 Ra8 27. Qd2 Rae8 28. Qd3 Re6 29. Rb1 Re4 30. Ng5 R4e7 31. Nf3 Kf6 32. Ng5 Kg7 33. Nf3 Rd8 34. Rbd1 Rc8 35. Rb1 Rb8 36. Rbd1 Rh8 37. Rb1 Rg8 38. Rbd1 Rf8 39. Rb1 Rb8 40. Rbd1 Rg8 41. Rb1 Rge8 1/2-1/2

[Event "44th Chess Olympiad Open 2022"]
[Site "Chennai"]
[Date "2022.07.31"]
[Round "3.78"]
[White "Stetsenko, Ilya"]
[Black "Prasad, Rudr"]
[Result "0-1"]
[WhiteElo "1683"]
[BlackElo "1566"]
[Annotator "NA RC"]
[PlyCount "134"]
[EventDate "2022.??.??"]
[TimeControl "60"]

1. d4 d5 2. c4 e6 3. Nf3 Nf6 4. Bg5 Nbd7 5. cxd5 exd5 6. Nc3 c6 7. e3 Be7 8. Bd3 h6 9. Bf4 Nh5 10. Be5 Nxe5 11. Nxe5 Nf6 12. O-O O-O 13. Rb1 c5 14. Be2 Bf5 15. Rc1 Rc8 16. dxc5 Bxc5 17. Nf3 Re8 18. Nd4 Bh7 19. Bf3 Ne4 20. Bg4 Bxd4 21. Qxd4 Nxc3 22. Rxc3 Rxc3 23. Qxc3 Qg5 24. Bh3 Be4 25. g3 h5 26. Qc7 Qf6 27. Bg2 Qxb2 28. Qd7 Re6 29. Qd8+ Kh7 30. Bxe4+ dxe4 31. Qd5 g6 32. f3 exf3 33. Rxf3 Kg7 34. Qd7 Rf6 35. Rxf6 Qxf6 36. Qa4 Qb6 37. Kf2 Qf6+ 38. Ke2 a6 39. Qb3 b5 40. Qa3 Qc6 41. Qb2+ Kh7 42. Qb3 Qb7 43. Kf2 Qd7 44. Ke2 Kh6 45. Qa3 Qe6 46. Qb2 Qc4+ 47. Kf2 Kh7 48. Qa3 b4 49. Qa4 Qe6 50. h4 Kg7 51. Kf3 Qf5+ 52. Kg2 a5 53.
Qb3 Qb5 54. Qb2+ Kg8 55. Qd2 a4 56. Qd8+ Kh7 57. Kf2 Qf5+ 58.
Ke2 Qc2+ 59. Qd2 Qxd2+ 60. Kxd2 Kg7 61. Kd3 Kf6 62. Kc4 b3 63. axb3 axb3 64. Kxb3 Ke5 65. Kc4 Ke4 66. Kc5 Kxe3 67. Kd5 Kf3 0-1

[Event "44th Chess Olympiad Open 2022"]
[Site "Chennai"]
[Date "2022.07.31"]
[Round "3.79"]
[White "Martyr, Reginald"]
[Black "Shaw, Clifford"]
[Result "1-0"]
[WhiteElo "2194"]
[BlackElo "1615"]
[Annotator "RC"]
[PlyCount "27"]
[EventDate "2022.??.??"]
[TimeControl "60"]

1. Nf3 f5 2. d3 Nf6 3. e4 d6 4. e5 dxe5 5. Nxe5 Nc6 6.
Nxc6 bxc6 7. d4 e5 8. Qf3 e4 9. Qc3 Rb8 10. Qxc6+ Bd7 11. Qa6 c5 12. d5 Nxd5 13. Be2 Nb4 14. Bh5+ 1-0

[Event "44th Chess Olympiad Open 2022"]
[Site "Chennai"]
[Date "2022.07.31"]
[Round "3.79"]
[White "Young, Christopher"]
[Black "Sixtus Gabriel"]
[Result "1-0"]
[WhiteElo "1990"]
[BlackElo "1787"]
[Annotator "NA"]
[PlyCount "95"]
[EventDate "2022.??.??"]
[TimeControl "60"]

1. d4 g6 2. c4 d6 3. Nc3 Nf6 4. e4 Bg7 5. f4 O-O 6. Nf3 Bg4 7. Be2 Na6 8.
O-O c5 9. d5 Nc7 10. Be3 a6 11. a4 Rb8 12. Qc2 Bxf3 13. Rxf3 Ng4 14. Kh1 Nxe3 15. Rxe3 Bh6 16. Rf1 e5 17. g3 exf4 18. gxf4 Qh4 19. Ref3 Rbe8 20. Bd3 Re7 21. Qg2 Bg7 22. Rh3 Qf6 23. e5 dxe5 24. Ne4 Qb6 25. d6 Rd7 26. dxc7 Qxc7 27. f5 Rfd8 28. Bc2 Rd4 29. f6 Bf8 30. Rxh7 Kxh7 31. Qh3+ Kg8 32. Ng5 Qc6+ 33. Rf3 Rd1+ 34. Bxd1 Rxd1+ 35. Kg2 Rd2+ 36. Kf1 Qxf3+ 37. Qxf3 Bh6 38. h4 Rd4 39. Qxb7 Rf4+ 40. Ke2 Rxf6 41. Qb8+ Bf8 42. Qxe5 Rf5 43. Qc7 Bg7 44. Qc8+ Bf8 45. Qxa6 Be7 46. Qb6 Bxg5 47. hxg5 Rxg5 48. Qd8+ 1-0

[Event "44th Chess Olympiad Open 2022"]
[Site "Chennai"]
[Date "2022.07.31"]
[Round "3.79"]
[White "Mathurin, Nathaniel"]
[Black "Tracey, Shaun M"]
[Result "1-0"]
[WhiteElo "1722"]
[BlackElo "1650"]
[Annotator "NA"]
[PlyCount "125"]
[EventDate "2022.??.??"]
[TimeControl "60"]

1. Nf3 f5 2. b3 Nf6 3. Bb2 e6 4. c4 c6 5. g3 d5 6. Bg2 Bd6 7. O-O O-O 8. d3 Nbd7 9. Nd4 Qe7 10. Nc3 a6 11. Nc2 f4 12. d4 b5 13. e4 fxe3 14. Nxe3 Rb8 15. Re1 Qf7 16. Bh3 e5 17. Nf5 Bc7 18. cxd5 cxd5 19. dxe5 Nxe5 20. Nxb5 Rxb5 21. Bxe5 Bb6 22. Bd4 Bxd4 23.
Qxd4 Ne4 24. Rxe4 dxe4 25. g4 h5 26. Qxe4 Bxf5 27. gxf5 Qf6 28. Re1 Rb6 29. Qf3 Qh4 30. Re4 Qg5+ 31. Qg3 Qxg3+ 32. hxg3 Rd8 33. Bf1 Rd1 34. Kg2 Kf7 35. Be2 Rd2 36. Bxh5+ Kf6 37. Ra4 Kxf5 38. Kf1 Kg5 39. Be2 Rdd6 40. Ra5+ Kf6 41. Bc4 Rb8 42. a4 Rbb6 43. Ke2 Ke7 44. f4 Kd7 45. Rg5 Rg6 46. Rxg6 Rxg6 47. Kf3 a5 48. g4 Kd6 49. g5 Kc5 50. Ke4 Rd6 51. Ke5 Kc6 52. f5 Kd7 53.
Be6+ Kc7 54. f6 gxf6+ 55. Kxf6 Rd1 56. g6 Rg1 57. g7 Kd6 58.
g8=Q Rxg8 59. Bxg8 Kc6 60. Ke5 Kc5 61. Bc4 Kc6 62. Kd4 Kb6 63.
Bd5 1-0

[Event "44th Chess Olympiad Open 2022"]
[Site "Chennai"]
[Date "2022.07.31"]
[Round "3.80"]
[White "Tchouka, Yakini"]
[Black "Bansal, Nayan"]
[Result "1-0"]
[WhiteElo "1934"]
[BlackElo "1444"]
[Annotator "NA RC"]
[PlyCount "25"]
[EventDate "2022.??.??"]
[TimeControl "60"]

1. e4 e5 2. Nf3 Nc6 3. Bc4 Bc5 4. d3 h6 5. c3 a6 6. d4 exd4 7. cxd4 Ba7 8. d5 Na5 9. Bd3 Ne7 10. b4 Nxd5 11. exd5 Qf6 12. Qe2+ Kf8 13. Bb2 1-0